 Dungeon Crawl Stone Soup version 0.19.1-1-g22dce08 (webtiles) character file.

60 Gargoyl the Skirmisher (level 4, 0/40 HPs)
             Began as a Ghoul Abyssal Knight on Jan 11, 2017.
             Was a Follower of Lugonu.
             Slain by a gnoll
             ... wielding a +0 spear
              (5 damage)
             ... on level 1 of the Dungeon.
             The game lasted 00:02:28 (1469 turns).

Gargoyl the Skirmisher (Ghoul Abyssal Knight)       Turns: 1469, Time: 00:02:29

Health: 0/40       AC:  8    Str: 15    XL:     4   Next: 4%
Magic:  5/5        EV:  6    Int:  7    God:    Lugonu [*.....]
Gold:   81         SH:  0    Dex:  9    Spells: 0 memorised, 3 levels left

rFire  . . .     SeeInvis .     a - +1 hand axe
rCold  + . .     Gourm    .     f - +0 chain mail
rNeg   + + +     Faith    .     (no shield)
rPois  ∞         Spirit   .     (no helmet)
rElec  .         Reflect  .     (no cloak)
rCorr  .         Harm     .     (no gloves)
MR     .....                    (no boots)
Stlth  ..........               (no amulet)
                                (no ring)
                                (no ring)

@: flying, very slightly contaminated, rotting, invisible
A: rotting body, claws 1, carnivore 3, cold resistance 1, negative energy
resistance 3, slow regeneration 1, torment resistance, unbreathing
a: Depart the Abyss, Renounce Religion


You were on level 1 of the Dungeon.
You worshipped Lugonu.
Lugonu was aware of your devotion.
You were not hungry.

You visited 1 branch of the dungeon, and saw 2 of its levels.
You visited the Abyss 1 time.

You collected 81 gold pieces.

Inventory:

Hand Weapons
 a - a +1 hand axe (weapon)
Armour
 b - a +0 leather armour
 f - a +0 chain mail (worn)
Scrolls
 i - a scroll of enchant armour {unknown}
 j - a scroll of fear {unknown}
 k - a scroll of identify {unknown}
 m - 3 scrolls of remove curse {unknown}
 n - a scroll of teleportation {unknown}
Books
 e - a book of Debilitation

   Spells                             Type                      Level
   a - Corona                         Hexes                        1
   b - Slow                           Hexes                        2
   c - Gell's Gravitas                Hexes/Translocation          3
   d - Inner Flame                    Hexes/Fire                   3
   e - Cause Fear                     Hexes                        4
   f - Leda's Liquefaction            Hexes/Earth                  4
Comestibles
 c - a meat ration
 g - a slice of pizza
 l - a beef jerky


   Skills:
 + Level 3.8 Fighting
 + Level 2.2 Axes
 * Level 2.6 Armour
 + Level 0.8 Dodging
 * Level 2.7 Invocations


You had 3 spell levels left.
You didn't know any spells.

Dungeon Overview and Level Annotations

Branches:
Dungeon (2/15)

Altars:


Innate Abilities, Weirdness & Mutations

Your body is rotting away.
You thrive on raw meat.
You are immune to poison.
You have sharp fingernails.
You are carnivorous and can eat meat at any time.
Your flesh is cold resistant. (rC+)
You are immune to negative energy. (rN+++)
You regenerate slowly when monsters are visible.
You are immune to unholy pain and torment.
You can survive without breathing.


Message History

The gnoll hits you but does no damage.
It was a potion of invisibility.
You fade into invisibility!
The gnoll completely misses you. The gnoll hits you but does no damage.
You are very lightly contaminated with residual magic.
You hit the gnoll but do no damage.
The gnoll is moderately wounded.
You hit the gnoll but do no damage. The gnoll barely misses you.
The gnoll hits you with a spear.
* * * LOW HITPOINT WARNING * * *
It was a potion of magic.
Magic courses through your body.
The gnoll hits you but does no damage. x2
It was a potion of flight.
You feel very buoyant.
You fly up into the air.
The gnoll hits you but does no damage.
You hit the gnoll.
The gnoll is moderately wounded.
You hit the gnoll. The gnoll hits you but does no damage.
The gnoll hits you with a spear.
You die...

#............##.#####
#.
#.......[....'......#
#.
##...........##.###.#
## #............#.#
#.# #.
########'###.#.# #.#
#. #)# #.#.# #.# #.
#.# #...# #.# #. #.#
##..###.##### #. #.#
#g@g.......# #. #.#
######.###.#### #(
#.#########.#......#
#.
#.....)..##.#.#.##÷#
#.
########.##.#.#.##.#
#. #.##.#.#.##.# ##
#.##.#.#....#
#.##.#.#.####
#.##.#.#.#


You could see 2 gnolls.

Vanquished Creatures
  A gnoll (D:1)
  2 adders (D:2)
  An ooze (D:1)
  A dart slug (D:1)
  A leopard gecko (D:1)
  A ball python (D:2)
  A giant cockroach (D:1)
  4 goblins (D:1)
  3 hobgoblins
  3 bats (D:1)
  A frilled lizard (D:2)
  3 kobolds
  5 rats
27 creatures vanquished.

Notes
Turn   | Place    | Note
-------+----------+-------------------------------------------
     0 | Abyss:1  | Gargoyl the Ghoul Abyssal Knight began the quest for the Orb.
     0 | Abyss:1  | Reached XP level 1. HP: 19/19 MP: 1/1
    76 | Abyss:2  | Noticed a ynoxinul
    82 | D:1      | Escaped the Abyss
   161 | D:1      | Reached XP level 2. HP: 10/26 MP: 2/2
   210 | D:1      | Reached * piety under Lugonu
   266 | D:1      | Reached XP level 3. HP: 33/33 MP: 3/3
  1341 | D:1      | Reached XP level 4. HP: 17/40 MP: 5/5
  1469 | D:1      | Slain by a gnoll

Skill      XL: |  1  2 |
---------------+-------+-----
Armour         | 2 |  2.6
Axes           | 2 |  2.2
Fighting       | |  3.8
Dodging        | |  0.8
Invocations    | |  2.7

Action                   |  1- 3 |  4- 6 || total
-------------------------+-------+-------++-------
Melee: Hand axe          |   105 |     8 ||   113
Invok: Depart the Abyss  |     1 |       ||     1
  Use: Potion            |       |     5 ||     5
  Eat: Chunk             |    15 |     2 ||    17
Armor: Chain mail        |    82 |    10 ||    92
Dodge: Dodged            |    36 |     7 ||    43
